 Dungeon Crawl Stone Soup version 0.28.0-43-g3370ac3207 (webtiles) character file.

Game seed: 5213219178761085820

191 tizbic2 the Caller (level 5, -1/45 (52) HPs)
             Began as an Ogre Summoner on Mar 19, 2022.
             Slain by a hell rat (5 damage)
             ... in a sewer.
             The game lasted 00:12:28 (2754 turns).

tizbic2 the Caller (Ogre Summoner)                  Turns: 2754, Time: 00:12:30

HP:   -1/45 (52)    AC:  3    Str: 12    XL:     5   Next: 70%
MP:   5/10          EV:  9    Int: 18    God:
Gold: 166           SH:  0    Dex:  9    Spells: 2/10 levels left

rFire   . . .      SeeInvis .   a - +1 short sword (protect)
rCold   . . .      Faith    .   (no shield)
rNeg    . . .      Spirit   .   j - +0 robe
rPois   .          Reflect  .   (helmet restricted)
rElec   .          Harm     .   (no cloak)
rCorr   .          Rampage  .   (gloves unavailable)
Will    +....                   (boots unavailable)
Stlth   +.........              o - amulet of the acrobat
HPRegen 0.15/turn               l - ring of willpower
MPRegen 0.12/turn               (no ring)

@: heavily drained, very slow
A: large, unfitting armour, tough skin 1
a: no special abilities


You were in a sewer.
You visited 1 branch of the dungeon, and saw 3 of its levels.
You also visited: Sewer.

You collected 166 gold pieces.

Inventory:

Hand Weapons
 a - a +1 short sword of protection (weapon)
 g - a +0 trident
Missiles
 d - 4 poisoned darts (quivered)
 h - 68 stones
Armour
 j - a +0 robe (worn)
Jewellery
 l - a ring of willpower (left hand)
 o - an amulet of the acrobat (around neck)
Scrolls
 e - 3 scrolls of identify {unknown}
 f - a scroll of blinking {unknown}
 i - a scroll of brand weapon {unknown}
 n - a scroll of silence
 p - a scroll of amnesia {unknown}
Potions
 b - a potion of haste {unknown}
 c - 2 potions of curing {unknown}
 k - a potion of lignification {unknown}
 m - 2 potions of resistance {unknown}


   Skills:
 + Level 2.8 Fighting
 - Level 1.7 Dodging
 - Level 1.4 Stealth
 + Level 3.4 Spellcasting
 * Level 4.7 Summonings
 * Level 2.2 Air Magic


You had 2 spell levels left.
You knew the following spells:

 Your Spells              Type           Power      Damage    Failure   Level
a - Summon Small Mammal   Summ           80%        N/A       2%          1
b - Call Canine Familiar  Summ           20%        N/A       7%          3
c - Summon Lightning Spi  Summ/Air       15%        N/A       36%         4

Your spell library contained the following spells:

 Spells                   Type           Power      Damage    Failure   Level
 Call Imp                 Summ           20%        N/A       3%          2
 Summon Guardian Golem    Hex/Summ       11%        N/A       19%         3
 Ozocubu's Armour         Ice            3%         N/A       43%         3
 Animate Dead             Necr           1%         N/A       83%         4
 Borgnjor's Vile Clutch   Necr/Erth      1%         N/A       99%         5
 Metabolic Englaciation   Hex/Ice        1%         N/A       99%         5
 Death Channel            Necr           1%         N/A       100%        6
 Simulacrum               Ice/Necr       1%         N/A       100%        6


Dungeon Overview and Level Annotations

Branches:
Dungeon (3/15)              Sewer (1/1)

Altars:
Okawaru


Innate Abilities, Weirdness & Mutations

You are too large for most types of armour.
You have tough skin. (AC +1)


Message History

The hell rat bites you but does no damage.
You hit the hell rat but do no damage.
The hell rat is moderately wounded.
The hell rat splashes around in the water.
Your hound splashes around in the water.
The hell rat bites you but does no damage.
You hit the hell rat.
The hell rat is moderately wounded.
Your hound completely misses the hell rat.
The hell rat bites you!
You feel drained.
Your hound bites the hell rat.
You hit the hell rat but do no damage.
The hell rat is heavily wounded.
The hell rat barely misses you.
Your hound closely misses the hell rat.
You hit the hell rat.
The hell rat is heavily wounded.
Your hound bites the hell rat.
The hell rat bites your hound.
Your hound barely misses the hell rat.
The hell rat bites your hound!
Your hound dies!
Your hound's corpse disappears in a puff of smoke!
The hell rat roars deafeningly!
Casting: Call Canine Familiar (dangerous; 7% risk of failure)
Confirm with . or Enter, or press ? or * to list all spells.
The hell rat closely misses you.
You barely miss the hell rat.
The hell rat is severely wounded.
Your hound barely misses the hell rat.
The hell rat barely misses you.
You barely miss the hell rat.
The hell rat is severely wounded.
Your hound completely misses the hell rat.
The hell rat barely misses you.
Your hound barely misses the hell rat.
The hell rat barely misses you.
Casting: Call Canine Familiar (dangerous; 7% risk of failure)
Confirm with . or Enter, or press ? or * to list all spells.
Your hound bites the hell rat.
The hell rat bites you!
You feel drained.
Casting: Summon Small Mammal (safe; 2% risk of failure)
Confirm with . or Enter, or press ? or * to list all spells.
Your hound barely misses the hell rat.
The hell rat bites you!
* * * LOW HITPOINT WARNING * * *
You feel drained.
You die...

###.≈.###
#≈..≈...#
##≈≈≈≈.≈≈##
#..≈###≈≈≈#
##..##.##≈≈##
#.≈.#≈.≈#≈≈≈#
#≈≈##!.≈##..#
#.≈#!!h≈≈#≈≈#
#∩∩#∩)≈r@r≈.#
#.≈#?!≈r≈#.≈#
#≈†##?.≈##.≈#
#.≈≈#≈≈.#≈.≈#
##≈≈##.##≈≈##
#≈≈.###≈≈≈#
##≈≈≈.≈.≈##
#≈.≈≈†..#
###≈.≈###


You could see a hell rat (ally target), a friendly hound (summoned) and 2
friendly quokkas.

Vanquished Creatures
  2 river rats (Sewer)
  An adder (D:3)
  An orc (D:2)
  An endoplasm (D:2)
  A giant cockroach (D:2)
  2 goblins (D:1)
  2 hobgoblins (D:1)
  2 jackals (D:2)
  A quokka (D:1)
  3 ball pythons
  3 frilled lizards
  3 kobolds
  4 rats
26 creatures vanquished.

Vanquished Creatures (collateral kills)
  A hound (D:3)
  6 adders
  2 river rats
  A dart slug (D:2)
  4 endoplasms
  A giant cockroach (D:2)
  3 goblins
  2 hobgoblins (D:2)
  5 jackals
  4 kobolds
  3 ball pythons
  2 bats (D:2)
  2 frilled lizards
  5 rats
41 creatures vanquished.

Grand Total: 67 creatures vanquished

Notes
Turn   | Place    | Note
-------+----------+-------------------------------------------
     0 | D:1      | tizbic2 the Ogre Summoner began the quest for the Orb.
     0 | D:1      | Reached XP level 1. HP: 16/16 MP: 3/3
   341 | D:1      | Reached skill level 1 in Fighting
   570 | D:1      | Reached XP level 2. HP: 27/27 MP: 2/5
  1144 | D:2      | Reached skill level 4 in Summonings
  1144 | D:2      | Reached XP level 3. HP: 31/35 MP: 2/7
  1269 | D:2      | Reached skill level 1 in Air Magic
  1278 | D:2      | Learned a level 3 spell: Call Canine Familiar
  1554 | D:2      | Reached XP level 4. HP: 32/42 MP: 4/8
  1825 | D:2      | Learned a level 4 spell: Summon Lightning Spire
  1894 | D:2      | Found an iron altar of Okawaru.
  2537 | D:3      | Reached XP level 5. HP: 44/50 MP: 3/9
  2566 | D:3      | Found a glowing drain.
  2588 | Sewer    | Entered a sewer
  2754 | Sewer    | Slain by a hell rat

Illustrated notes

Levels and vault maps discovered:
D:1:      tarquinn_simple_flora_water_a, layout_loops_cross
D:2:      kb_forest_paths, layout_basic, basic_altar, minmay_vboxes
D:3:      layout_basic, portal_sewer_entry_a, basic_ecumenical_altar, hex_tiny
Sewer:    sewer_hellmonk_bad_rat

Skill      XL: |  1  2  3  4  5 |
---------------+----------------+-----
Fighting       | 1 2 |  2.8
Summonings     | 4 |  4.7
Air Magic      | 1 2 |  2.2
Spellcasting   | 3 |  3.4
Dodging        | |  1.7
Stealth        | |  1.4

Action                   |  1- 3 |  4- 6 || total
-------------------------+-------+-------++-------
Melee: Trident           |    19 |    28 ||    47
       Unarmed           |     2 |       ||     2
       Short sword       |    32 |    28 ||    60
       Dagger            |     2 |       ||     2
       Punch             |       |     1 ||     1
Throw: Dart              |     2 |     1 ||     3
 Cast: Summon Small Mamm |    28 |     6 ||    34
       Call Canine Famil |     4 |    11 ||    15
       Summon Lightning  |       |     1 ||     1
  Use: Scroll            |       |     2 ||     2
 Stab: Distracted        |     1 |       ||     1
Armor: Robe              |    22 |    10 ||    32
Dodge: Dodged            |    26 |    26 ||    52
